 Dungeon Crawl Stone Soup version 0.29.0-4-gdea44cf6ec (webtiles) character file.

Game seed: 9566947693039014370

13538 qw the Cleaver (level 12, -5/76 HPs)
             Began as a Gargoyle Berserker on Sept 5, 2022.
             Was an Elder of Trog.
             Slain by Snorg (8 damage)
             ... on level 3 of the Lair of Beasts.
             The game lasted 00:04:30 (14167 turns).

qw the Cleaver (Gargoyle Berserker)                Turns: 14167, Time: 00:04:30

Health: -5/76      AC: 34    Str: 24      XL:     12   Next: 7%
Magic:  12/12      EV:  6    Int: 10      God:    Trog [****..]
Gold:   415        SH: 10    Dex:  8 (9)  Spells: 11/11 levels left

rFire   . . .      SeeInvis .   o - +2 war axe of Past Mistakes {vorpal, Will++}
rCold   . . .      Faith    .   t - +0 kite shield
rNeg    + + .      Spirit   .   c - +0 plate armour
rPois   inf        Reflect  .   i - +2 helmet
rElec   +          Harm     .   j - +1 cloak
rCorr   +          Rampage  .   q - +1 pair of gloves
Will    ++...                   f - +2 pair of boots
Stlth   ..........              k - amulet of the acrobat
HPRegen 0.22/turn               g - ring of positive energy
MPRegen 0.13/turn               n - ring of resist corrosion

@: about to teleport, on berserk cooldown, slowed, very slow
A: sickness immunity, AC +8, negative energy resistance 1, electricity
resistance, torment resistance 1, petrification resistance, deterioration 1,
MP-powered wands
a: Renounce Religion, Berserk, Trog's Hand, Brothers in Arms


You were on level 3 of the Lair of Beasts.
You worshipped Trog.
Trog was greatly pleased with you.
You visited 2 branches of the dungeon, and saw 12 of its levels.

You collected 615 gold pieces.
You spent 200 gold pieces at shops.


Innate Abilities, Weirdness & Mutations

You are immune to sickness and miasma.
Your stone body is resilient. (AC +8)
You are immune to poison.
You resist negative energy. (rN+)
You are resistant to electric shocks. (rElec)
You are resistant to unholy torment.
You are immune to petrification.
Your body sometimes deteriorates upon taking damage.
You expend magic power (3 MP) to strengthen your wands.


   Skills:
 - Level 9.0 Fighting
 + Level 11.5 Axes
 - Level 3.3 Throwing
 - Level 9.1 Armour
 - Level 1.5 Dodging
 - Level 10.0 Shields


You had 11 spell levels left.
You didn't know any spells.
Your spell library was empty.

Inventory:

Hand Weapons
 l - a +0 morningstar
 o - the +2 war axe of Past Mistakes (weapon) {vorpal, Will++}
   (You found it on level 6 of the Dungeon)

   It inflicts extra damage upon your enemies.
   Will:      It greatly increases your willpower.
Armour
 c - a +0 plate armour (worn)
 e - +0 fire dragon scales
 f - a +2 pair of boots (worn)
 i - a +2 helmet (worn)
 j - a +1 cloak (worn)
 q - a +1 pair of gloves (worn)
 t - a +0 kite shield (worn)
Jewellery
 g - a ring of positive energy (left hand)
 k - an amulet of the acrobat (around neck)
 n - a ring of resist corrosion (right hand)
Scrolls
 a - 2 scrolls of identify
 p - a scroll of enchant weapon
Potions
 d - 4 potions of heal wounds
 h - a potion of mutation
 m - a potion of cancellation
 r - 3 potions of curing
 s - a potion of haste {unknown}
 v - a potion of might

Dungeon Overview and Level Annotations

Branches:
Dungeon (9/15)             Temple (0/1) D:5            Lair (3/5) D:8
  Snake (0/4) Lair:2
  Swamp: Lair:2-3    Shoals: Lair:2-3       Orc: D:9-12

Altars:
Cheibriados
Dithmenos
Fedhas
Gozag
Kikubaaqudgha
Makhleb
Okawaru
Ru
Trog
Wu Jian
Xom

Shops:
D:6 =   D:9 (

Annotations:
D:5 2 runed translucent doors
Lair:1 1 runed translucent door, qw's ghost, novice TrCA
Lair:3 Snorg


Message History

You kill the komodo dragon!
Trog accepts your kill. Urug hits you with a +3 double sword.
You have reached level 12!
You feel clever.
You closely miss Urug.
Urug is almost dead.
Urug hits you but does no damage.
You slash Urug!
You kill Urug!
Trog accepts your kill.
You feel your strength returning.
You see here a komodo dragon corpse.
You slash Snorg!
Snorg is lightly wounded.
Snorg bites you. Snorg claws you but does no damage. Snorg barely misses you.
You closely miss Snorg.
Snorg is lightly wounded.
You slash Snorg!
Snorg is moderately wounded.
You block Snorg's attack. Snorg claws you but does no damage. x2
You closely miss Snorg.
Snorg is moderately wounded.
You are no longer berserk.
You are exhausted.
You feel yourself slow down. You block Snorg's attack. x2
Snorg claws you but does no damage.
You slash Snorg!
Snorg is moderately wounded.
Snorg goes berserk!
You hit Snorg.
Snorg is moderately wounded.
Snorg bites you!! Snorg claws you. Snorg claws you but does no damage.
You block Snorg's attack. Snorg claws you. Snorg barely misses you.
Snorg bites you but does no damage. Snorg claws you but does no damage.
You block Snorg's attack.
14167 ||| READING scroll of teleportation.
As you read the scroll of teleportation, it crumbles to dust.
You feel strangely unstable. You block Snorg's attack. Snorg claws you!
You die...

.......### ##
###........#
#.###P...!...#.# #
....##$.......### ###
...............P# #P<
................######.%
................##......
.........).........%....
......T@............#..#
....##............P#####
. . #............##
##............#
###............## ..
#...............#
...###......##......###
.....##......##.#......##
......#.......#.##......#


You could see Snorg (berserk).

Vanquished Creatures
  Gastronok (Lair:1)
  A catoblepas (Lair:1)
  Urug (Lair:3)
  Maurice (D:8)
  2 elephants (Lair:3)
  A black mamba (Lair:2)
  6 cane toads
  5 komodo dragons
  A polar bear (Lair:3)
  Prince Ribbit (D:5)
  7 blink frogs
  A shadow (D:9)
  2 wraiths
  A wyvern (Lair:3)
  A steam dragon (D:4)
  3 nagas (Lair:2)
  Menkaure (D:4)
  5 water moccasins
  3 orc warriors
  An ice beast (D:6)
  An ogre (D:6)
  A black bear (D:8)
  2 centaurs
  A phantom (D:6)
  3 kobold brigands
  7 bullfrogs
  4 scorpions
  A necrophage (D:5)
  2 gnoll sergeants
  4 wights (D:9)
  2 howler monkeys
  A crimson imp (D:5)
  A hound (D:5)
  6 jellies
  13 orc priests
  Jessica (D:2)
  6 iguanas
  Ijyb (D:3)
  14 orc wizards
  Robin (D:4)
  14 gnolls
  5 adders
  2 shadow imps
  A white imp (D:5)
  An ufetubus (D:6)
  2 dart slugs
  37 orcs
  6 ball pythons
  4 endoplasms
  3 giant cockroaches
  10 hobgoblins
  20 kobolds
  2 quokkas
  4 bats
  A frilled lizard (D:3)
  10 goblins
  4 rats
243 creatures vanquished.

Vanquished Creatures (others)
  A bush (Lair:3)
  12 fungi
  20 plants
33 creatures vanquished.

Grand Total: 276 creatures vanquished

Notes
Turn   | Place    | Note
-------+----------+-------------------------------------------
     0 | D:1      | qw the Gargoyle Berserker began the quest for the Orb.
     0 | D:1      | Reached XP level 1. HP: 14/14 MP: 1/1
     0 | D:1      | 0 ||| qw: Version: 0.1-a-104-g96f76f8
     0 | D:1      | 0 ||| qw: Game counter: 5961
     0 | D:1      | 0 ||| qw: Always use a shield: true
     0 | D:1      | 0 ||| qw: Do Orc after D:15 true
     0 | D:1      | 0 ||| qw: Do second Lair branch before Depths: true
     0 | D:1      | 0 ||| qw: Lair rune preference: random
     0 | D:1      | 0 ||| qw: Plans: Normal
     0 | D:1      | 0 ||| PLANNING D:1-11
    13 | D:1      | Reached skill level 3 in Axes
    15 | D:1      | Reached XP level 2. HP: 19/19 MP: 2/2
   447 | D:1      | 447 ||| Stepping ~*~*~tactically~*~*~ (stealth).
   455 | D:1      | Reached ** piety under Trog
   463 | D:1      | 463 ||| DROPPING +0 club.
   472 | D:1      | 472 ||| Stepping ~*~*~tactically~*~*~ (stealth).
   482 | D:1      | Reached XP level 3. HP: 23/23 MP: 3/3
   619 | D:1      | 619 ||| UPGRADING to +0 ring mail.
   629 | D:1      | 629 ||| DROPPING +0 animal skin.
   630 | D:1      | 630 ||| UPGRADING to +0 fire dragon scales.
   640 | D:1      | 640 ||| DROPPING +0 ring mail.
   641 | D:1      | 641 ||| READING 2 scrolls labelled ZAMUHE FOUXO.
   642 | D:1      | 642 ||| READING scroll labelled VIYSTR TYAKOI.
   643 | D:1      | 643 ||| READING scroll labelled XUIFYNN FABROG.
   646 | D:1      | 646 ||| READING scroll labelled TUMA YCILYMP.
   834 | D:2      | Found a blossoming altar of Fedhas.
   880 | D:2      | Reached skill level 4 in Axes
   970 | D:2      | Found a faded altar of an unknown god.
   972 | D:2      | Noticed an eye of devastation
   978 | D:2      | Noticed a floating eye
  1080 | D:2      | Noticed Jessica
  1095 | D:2      | Killed Jessica
  1096 | D:2      | Reached XP level 4. HP: 17/28 MP: 4/4
  1401 | D:2      | Noticed a great orb of eyes
  1401 | D:2      | Noticed an eye of devastation
  1457 | D:2      | 1457 ||| READING 2 scrolls labelled XEWIT BEDWA.
  1458 | D:2      | 1458 ||| READING scroll of enchant weapon.
  1458 | D:2      | 1458 ||| ENCHANTING +1 hand axe.
  1459 | D:2      | 1459 ||| READING scroll labelled MEPETO BUJELY.
  1460 | D:2      | 1460 ||| READING scroll labelled ZEICHO ETIN.
  1461 | D:2      | 1461 ||| DRINKING 2 purple potions.
  1462 | D:2      | 1462 ||| READING 2 scrolls of identify.
  1462 | D:2      | 1462 ||| IDENTIFYING fizzy green potion
  1517 | D:3      | Noticed Ijyb
  1534 | D:3      | Killed Ijyb
  1535 | D:3      | Reached skill level 1 in Throwing
  1812 | D:3      | 1812 ||| DRINKING potion of curing.
  1812 | D:3      | 1812 ||| (to cure confusion)
  1821 | D:3      | Reached XP level 5. HP: 30/32 MP: 5/5
  1884 | D:3      | 1884 ||| INVOKING Berserk.
  1894 | D:3      | Reached skill level 5 in Axes
  1985 | D:3      | 1985 ||| DROPPING +1 whip of venom.
  2153 | D:3      | Found an iron altar of Okawaru.
  2310 | D:3      | 2310 ||| READING scroll labelled KOEBBI ETUDWEL.
  2311 | D:3      | 2311 ||| READING 2 scrolls of identify.
  2311 | D:3      | 2311 ||| IDENTIFYING bubbling pink potion
  2312 | D:3      | 2312 ||| DROPPING potion of flight.
  2396 | D:4      | Noticed Menkaure
  2398 | D:4      | 2398 ||| INVOKING Berserk.
  2402 | D:4      | Killed Menkaure
  2403 | D:4      | Reached XP level 6. HP: 40/40 MP: 6/6
  2559 | D:4      | 2559 ||| Stepping ~*~*~tactically~*~*~ (hiding).
  2562 | D:4      | 2562 ||| INVOKING Berserk.
  2574 | D:4      | HP: 6/40 [orc priest/divine providence (9)]
  2575 | D:4      | 2575 ||| DRINKING potion of heal wounds.
  2588 | D:4      | HP: 10/40 [something (2)]
  2590 | D:4      | Noticed a steam dragon
  2591 | D:4      | 2591 ||| Stepping ~*~*~tactically~*~*~ (stealth).
  2593 | D:4      | HP: 6/40 [steam dragon (2)]
  2595 | D:4      | 2595 ||| INVOKING Berserk.
  2598 | D:4      | Killed a steam dragon
  2599 | D:4      | Reached skill level 6 in Axes
  2599 | D:4      | Reached XP level 7. HP: 9/44 MP: 7/7
  2600 | D:4      | HP: 6/66 [orc wizard/+0 dagger (4)]
  3159 | D:4      | 3159 ||| Stepping ~*~*~tactically~*~*~ (stealth).
  3168 | D:4      | Reached *** piety under Trog
  3175 | D:4      | Noticed Robin
  3176 | D:4      | 3176 ||| Stepping ~*~*~tactically~*~*~ (stealth).
  3179 | D:4      | 3179 ||| INVOKING Berserk.
  3183 | D:4      | Killed Robin
  3448 | D:4      | 3448 ||| Stepping ~*~*~tactically~*~*~ (hiding).
  3461 | D:4      | 3461 ||| FLEEEEING.
  3462 | D:4      | 3462 ||| FLEEEEING.
  3463 | D:4      | 3463 ||| INVOKING Berserk.
  3487 | D:4      | 3487 ||| Stepping ~*~*~tactically~*~*~ (stealth).
  3489 | D:4      | 3489 ||| Stepping ~*~*~tactically~*~*~ (stealth).
  3490 | D:4      | 3490 ||| Stepping ~*~*~tactically~*~*~ (stealth).
  3494 | D:4      | 3494 ||| Stepping ~*~*~tactically~*~*~ (hiding).
  3495 | D:4      | 3495 ||| Stepping ~*~*~tactically~*~*~ (hiding).
  3511 | D:4      | Reached skill level 7 in Axes
  3786 | D:4      | 3786 ||| UPGRADING to +1 helmet.
  3791 | D:4      | 3791 ||| READING scroll labelled NAF EROZUFA.
  3792 | D:4      | 3792 ||| READING 3 scrolls of identify.
  3792 | D:4      | 3792 ||| IDENTIFYING metallic coppery potion
  3793 | D:4      | 3793 ||| READING 2 scrolls of identify.
  3793 | D:4      | 3793 ||| IDENTIFYING smoky sapphire potion
  3794 | D:4      | 3794 ||| DROPPING potion of lignification.
  3827 | D:5      | Entered Level 5 of the Dungeon
  3828 | D:5      | Noticed Prince Ribbit
  3829 | D:5      | 3829 ||| STAIRDANCE
  3836 | D:4      | Reached skill level 3 in Armour
  3919 | D:5      | 3919 ||| INVOKING Berserk.
  3922 | D:5      | 3922 ||| STAIRDANCE
  3992 | D:5      | 3992 ||| INVOKING Berserk.
  3997 | D:5      | 3997 ||| STAIRDANCE
  4060 | D:5      | 4060 ||| INVOKING Berserk.
  4061 | D:5      | 4061 ||| STAIRDANCE
  4125 | D:5      | 4125 ||| INVOKING Berserk.
  4134 | D:5      | Killed Prince Ribbit
  4135 | D:5      | Reached skill level 3 in Throwing
  4135 | D:5      | Reached XP level 8. HP: 49/49 MP: 8/8
  4244 | D:5      | Found a staircase to the Ecumenical Temple.
  4335 | D:5      | 4335 ||| DROPPING +0 flail.
  4347 | D:5      | 4347 ||| READING scroll of enchant weapon.
  4347 | D:5      | 4347 ||| ENCHANTING +2 hand axe.
  4392 | D:5      | Found a faded altar of an unknown god.
  4392 | D:5      | Found an ancient bone altar of Kikubaaqudgha.
  4400 | D:5      | Found a snail-covered altar of Cheibriados.
  4402 | D:5      | Found an opulent altar of Gozag.
  4404 | D:5      | Found an ornate altar of the Wu Jian Council.
  4655 | D:5      | Identified the +1 ring mail "Hyceageiso" {Str+6}
  4670 | D:5      | 4670 ||| Stepping ~*~*~tactically~*~*~ (hiding).
  4785 | D:5      | Found a large runed translucent door.
  4785 | D:5      | Found a large runed translucent door.
  4829 | D:5      | 4829 ||| Stepping ~*~*~tactically~*~*~ (stealth).
  4833 | D:5      | 4833 ||| INVOKING Berserk.
  4910 | D:5      | Reached skill level 8 in Axes
  5046 | D:5      | Noticed a wraith
  5061 | D:5      | 5061 ||| INVOKING Berserk.
  5065 | D:5      | Killed a wraith
  5066 | D:5      | Reached skill level 6 in Fighting
  5293 | D:5      | Found a burning altar of Makhleb.
  5431 | D:5      | 5431 ||| DROPPING +0 chain mail.
  5432 | D:5      | 5432 ||| UPGRADING to +0 plate armour.
  5442 | D:5      | 5442 ||| UPGRADING to +2 pair of boots.
  5447 | D:5      | 5447 ||| UPGRADING to ring of positive energy.
  5448 | D:5      | 5448 ||| READING 2 scrolls labelled DUESIN YCHYHE.
  5449 | D:5      | 5449 ||| DROPPING scroll of butterflies.
  5507 | D:6      | 5507 ||| UPGRADING to +0 cloak.
  5512 | D:6      | 5512 ||| Stepping randomly (stuck).
  5513 | D:6      | 5513 ||| Stepping randomly (stuck).
  5516 | D:6      | 5516 ||| Stepping randomly (stuck).
  5517 | D:6      | 5517 ||| Stepping randomly (stuck).
  5518 | D:6      | 5518 ||| Stepping randomly (stuck).
  5519 | D:6      | 5519 ||| Stepping randomly (stuck).
  5520 | D:6      | 5520 ||| Stepping randomly (stuck).
  5521 | D:6      | 5521 ||| Stepping randomly (stuck).
  5522 | D:6      | 5522 ||| Stepping randomly (stuck).
  5523 | D:6      | 5523 ||| Stepping randomly (stuck).
  5524 | D:6      | 5524 ||| Stepping randomly (stuck).
  5525 | D:6      | 5525 ||| Stepping randomly (stuck).
  5526 | D:6      | 5526 ||| Stepping randomly (stuck).
  5527 | D:6      | 5527 ||| Stepping randomly (stuck).
  5528 | D:6      | 5528 ||| Stepping randomly (stuck).
  5691 | D:6      | Reached XP level 9. HP: 55/55 MP: 9/9
  5722 | D:6      | 5722 ||| INVOKING Berserk.
  5914 | D:6      | Found Reinoero's Jewellery Boutique.
  5924 | D:6      | 5924 ||| SHOPLISTING +4 ring of protection (360 gold, have
                  | 234).
  5924 | D:6      | 5924 ||| BUYING ring of resist corrosion (200 gold).
  5924 | D:6      | Bought a ring of resist corrosion for 200 gold pieces
  5924 | D:6      | 5924 ||| SHOPLISTING ring of willpower (250 gold, have 34).
  5970 | D:6      | Found a sacrificial altar of Ru.
  5990 | D:6      | 5990 ||| INVOKING Berserk.
  6137 | D:6      | Identified the +2 war axe of Past Mistakes {vorpal, Will++}
  6139 | D:6      | 6139 ||| SWAPPING to +2 war axe of Past Mistakes {vorpal,
                  | Will++}.
  6140 | D:6      | 6140 ||| DROPPING +3 hand axe.
  6302 | D:6      | 6302 ||| INVOKING Berserk.
  6443 | D:6      | Found a shimmering altar of Xom.
  6451 | D:6      | 6451 ||| INVOKING Berserk.
  6909 | D:6      | 6909 ||| READING scroll of enchant armour.
  6909 | D:6      | 6909 ||| ENCHANTING +1 helmet.
  7019 | D:6      | 7019 ||| Stepping ~*~*~tactically~*~*~ (stealth).
  7029 | D:6      | Reached skill level 9 in Axes
  7087 | D:6      | 7087 ||| Stepping ~*~*~tactically~*~*~ (hiding).
  7358 | D:6      | 7358 ||| UPGRADING to +1 pair of gloves.
  7363 | D:6      | 7363 ||| UPGRADING to amulet of the acrobat.
  7368 | D:6      | 7368 ||| UPGRADING to ring of resist corrosion.
  7369 | D:6      | 7369 ||| READING 2 scrolls of identify.
  7369 | D:6      | 7369 ||| IDENTIFYING golden potion
  7370 | D:6      | 7370 ||| DROPPING potion of attraction.
  7482 | D:7      | 7482 ||| Stepping ~*~*~tactically~*~*~ (stealth).
  7483 | D:7      | 7483 ||| Stepping ~*~*~tactically~*~*~ (stealth).
  7526 | D:7      | Reached skill level 6 in Armour
  7568 | D:7      | 7568 ||| Stepping ~*~*~tactically~*~*~ (hiding).
  7694 | D:7      | 7694 ||| Stepping ~*~*~tactically~*~*~ (hiding).
  7751 | D:7      | 7751 ||| Stepping ~*~*~tactically~*~*~ (stealth).
  7753 | D:7      | 7753 ||| Stepping ~*~*~tactically~*~*~ (hiding).
  7758 | D:7      | 7758 ||| INVOKING Berserk.
  7781 | D:7      | 7781 ||| Stepping ~*~*~tactically~*~*~ (stealth).
  7783 | D:7      | 7783 ||| Stepping ~*~*~tactically~*~*~ (stealth).
  7898 | D:7      | 7898 ||| Stepping ~*~*~tactically~*~*~ (stealth).
  7903 | D:7      | Identified the +1 leather armour "Xeynuikea" {rF+}
  7909 | D:7      | 7909 ||| INVOKING Berserk.
  8086 | D:7      | 8086 ||| INVOKING Berserk.
  8249 | D:7      | You fall into a shaft and drop 2 floors!
  8413 | D:9      | 8413 ||| Stepping ~*~*~tactically~*~*~ (hiding).
  8420 | D:9      | Reached **** piety under Trog
  8453 | D:9      | Reached XP level 10. HP: 61/63 MP: 10/10
  8464 | D:9      | Reached skill level 10 in Axes
  8653 | D:9      | 8653 ||| Stepping ~*~*~tactically~*~*~ (stealth).
  8655 | D:9      | 8655 ||| Stepping ~*~*~tactically~*~*~ (hiding).
  8822 | D:9      | Found Iqik Gon's Antique Weapon Emporium.
  8829 | D:9      | 8829 ||| UPGRADING to +0 kite shield.
  8834 | D:9      | 8834 ||| READING scroll labelled ZIUTEI QUNWO.
  8835 | D:9      | 8835 ||| READING 2 scrolls labelled XUPTOI JAFAYNO.
  8836 | D:9      | 8836 ||| READING 2 scrolls of identify.
  8836 | D:9      | 8836 ||| IDENTIFYING bubbling white potion
  8837 | D:9      | 8837 ||| DROPPING potion of degeneration.
  8838 | D:9      | 8838 ||| DROPPING scroll of poison.
  8862 | D:8      | Noticed Maurice
  8863 | D:8      | 8863 ||| Stepping ~*~*~tactically~*~*~ (hiding).
  8870 | D:8      | Reached skill level 1 in Shields
  8918 | D:8      | Killed Maurice
  8919 | D:8      | Reached skill level 3 in Shields
  9156 | D:8      | 9156 ||| UPGRADING to +1 cloak.
  9166 | D:8      | 9166 ||| DROPPING +0 cloak.
  9167 | D:8      | 9167 ||| READING 3 scrolls of identify.
  9167 | D:8      | 9167 ||| IDENTIFYING ruby potion
  9355 | D:7      | 9355 ||| Stepping ~*~*~tactically~*~*~ (hiding).
  9361 | D:7      | 9361 ||| INVOKING Berserk.
  9567 | D:7      | 9567 ||| READING 2 scrolls of identify.
  9567 | D:7      | 9567 ||| IDENTIFYING fizzy coppery potion
  9568 | D:7      | 9568 ||| DROPPING potion of ambrosia.
  9604 | D:8      | 9604 ||| INVOKING Berserk.
  9718 | D:8      | Found a staircase to the Lair.
  9760 | D:8      | 9760 ||| INVOKING Berserk.
 10055 | D:8      | Found a shadowy altar of Dithmenos.
 10163 | D:8      | Found a bloodstained altar of Trog.
 10179 | D:8      | 10179 ||| PLANNING LAIR
 10212 | Lair:1   | Entered Level 1 of the Lair of Beasts
 10229 | Lair:1   | 10229 ||| INVOKING Berserk.
 10378 | Lair:1   | 10378 ||| INVOKING Berserk.
 10384 | Lair:1   | Reached skill level 6 in Shields
 10622 | Lair:1   | 10622 ||| INVOKING Berserk.
 10781 | Lair:1   | Noticed Gastronok
 10782 | Lair:1   | 10782 ||| INVOKING Berserk.
 10794 | Lair:1   | Killed Gastronok
 10795 | Lair:1   | Reached skill level 9 in Shields
 10795 | Lair:1   | Reached XP level 11. HP: 67/67 MP: 11/11
 10968 | Lair:1   | Noticed a catoblepas
 10973 | Lair:1   | 10973 ||| INVOKING Berserk.
 10984 | Lair:1   | Killed a catoblepas
 11225 | Lair:1   | Found a runed translucent door.
 11225 | Lair:1   | Found a shimmering altar of Xom.
 11225 | Lair:1   | Noticed qw's ghost (novice TrCA)
 11226 | Lair:1   | Noticed a +1 flail of chaos
 11334 | Lair:1   | 11334 ||| INVOKING Berserk.
 11657 | Lair:1   | 11657 ||| DRINKING 2 sedimented yellow potions.
 11657 | Lair:1   | Gained mutation: Your body sometimes deteriorates upon
                  | taking damage. [potion of mutation]
 11657 | Lair:1   | Gained mutation: You expend magic power (3 MP) to
                  | strengthen your wands. [potion of mutation]
 11658 | Lair:1   | 11658 ||| READING 2 scrolls of identify.
 11658 | Lair:1   | 11658 ||| IDENTIFYING lumpy red potion
 11659 | Lair:1   | 11659 ||| DROPPING potion of brilliance.
 11727 | Lair:2   | 11727 ||| INVOKING Berserk.
 11848 | Lair:2   | 11848 ||| INVOKING Berserk.
 12138 | Lair:2   | 12138 ||| INVOKING Berserk.
 12285 | Lair:2   | Identified the +5 dagger of Honour {drain, rN+ rCorr Str+3}
 12336 | Lair:2   | 12336 ||| INVOKING Berserk.
 12486 | Lair:2   | 12486 ||| Stepping ~*~*~tactically~*~*~ (hiding).
 12487 | Lair:2   | Found a staircase to the Snake Pit.
 12511 | Lair:2   | 12511 ||| Stepping ~*~*~tactically~*~*~ (stealth).
 12527 | Lair:2   | 12527 ||| INVOKING Berserk.
 12730 | Lair:2   | 12730 ||| Stepping ~*~*~tactically~*~*~ (stealth).
 12734 | Lair:2   | 12734 ||| INVOKING Berserk.
 12909 | Lair:2   | 12909 ||| INVOKING Berserk.
 13062 | Lair:2   | 13062 ||| INVOKING Berserk.
 13074 | Lair:2   | Reached skill level 11 in Axes
 13556 | Lair:2   | 13556 ||| READING scroll labelled QINAAN POSIE.
 13581 | Lair:3   | 13581 ||| Stepping ~*~*~tactically~*~*~ (stealth).
 13589 | Lair:3   | 13589 ||| INVOKING Berserk.
 13609 | Lair:3   | 13609 ||| FLEEEEING.
 13610 | Lair:3   | 13610 ||| STAIRDANCE
 13727 | Lair:3   | 13727 ||| INVOKING Berserk.
 13896 | Lair:3   | 13896 ||| INVOKING Berserk.
 13905 | Lair:3   | Reached skill level 9 in Fighting
 13930 | Lair:3   | HP: 13/71 [elephant (7)]
 13931 | Lair:3   | Reached skill level 9 in Armour
 13931 | Lair:3   | 13931 ||| READING 3 scrolls of teleportation.
 13932 | Lair:3   | 13932 ||| DRINKING 6 potions of heal wounds.
 13938 | Lair:3   | Noticed Urug
 13942 | Lair:3   | HP: 10/71 [Urug/iceblast (11)]
 13943 | Lair:3   | 13943 ||| READING 2 scrolls of teleportation.
 13944 | Lair:3   | 13944 ||| DRINKING 5 potions of heal wounds.
 14148 | Lair:3   | 14148 ||| INVOKING Berserk.
 14153 | Lair:3   | Noticed Snorg
 14158 | Lair:3   | Reached XP level 12. HP: 45/76 MP: 12/12
 14159 | Lair:3   | Killed Urug
 14166 | Lair:3   | HP: 10/76 [Snorg (18)]
 14166 | Lair:3   | HP: 4/76 [Snorg (6)]
 14167 | Lair:3   | 14167 ||| READING scroll of teleportation.
 14167 | Lair:3   | Slain by Snorg

Levels and vault maps discovered:
D:1:      wander_arrival_lonely_grave, layout_rooms
D:2:      layout_loops_ring, hellmonk_ecumenical_altar_watching_god,
          basic_altar, kennysheep_jessica_study
D:3:      layout_basic, okawaru_metal_pillars_1_2, uniq_ijyb
D:4:      layout_loops_cross, uniq_robin, uniq_menkaure
D:5:      layout_loops_ring, makhleb_grotto_becter,
          chequers_temple_overflow_minitemple, jmf_multi_god_temple2,
          minmay_temple_entry_waves, uniq_prince_ribbit1
D:6:      layout_loops_cross, general_overflow_altar, dk_xom_monty_hall,
          serial_co_window_serial, co_window_paths_a, co_window_paths_b,
          co_window_paths_b, co_window_corner_a, co_window_paths_b,
          co_window_unsneaky_path_d, co_window_of_opportunity_b,
          co_window_broadway_b, co_window_corner_ca, co_window_4corner_b,
          co_window_sun, glass_columns_b, glass_columns_c, glass_columns_c,
          glass_columns_b, glass_columns_a, serial_shops, shop,
          grunt_ministairs_5
D:7:      layout_loops_ring, kennysheep_potato
D:8:      layout_cave_pools, lemuel_round_altar, kennysheep_little_box,
          dpeg_oklobed_lair, grunt_decor_one_mirror, uniq_maurice
D:9:      layout_long_grid, serial_shops, kennysheep_mini_moat
Lair:1:   layout_regular_city, ebering_ghost_xom, uniq_gastronok
Lair:2:   layout_regular_city, minmay_snake_entry_guardpost_small
Lair:3:   layout_layer_cave, minmay_shoals_entry_centaurs, lemuel_fruit_tree,
          uniq_snorg, uniq_urug

Skill      XL: |  1  2  3  4  5  6  7  8  9 10 11 |
---------------+----------------------------------+-----
Axes           | 3 4 5 6 7 8 9 10 11 | 11.5
Throwing       | 1 3 |  3.3
Fighting       | 5 6 7 9 |  9.0
Armour         | 3 4 7 9 |  9.1
Shields        | 9 10 | 10.0
Dodging        | |  1.5

Action                   |  1- 3 |  4- 6 |  7- 9 | 10-12 || total
-------------------------+-------+-------+-------+-------++-------
Melee: Hand axe          |    89 |    94 |   230 |       ||   413
       Punch             |       |       |     3 |       ||     3
       War axe           |       |       |   147 |   329 ||   476
Throw: Javelin           |       |    24 |    58 |    14 ||    96
Invok: Berserk           |       |     4 |    15 |    21 ||    40
  Use: Scroll            |     4 |     7 |     7 |    10 ||    28
       Potion            |       |     3 |       |     3 ||     6
Armor: Animal skin       |    22 |       |       |       ||    22
       Fire dragon scale |    21 |    57 |    90 |       ||   168
       Skin              |       |    11 |       |       ||    11
       Plate armour      |       |       |   149 |   187 ||   336
Dodge: Dodged            |    62 |    27 |   131 |    78 ||   298
Block: Kite shield       |       |       |       |   111 ||   111

Table legend:
 A = Non-vault XP
 B = Vault XP
 C = Vault XP percentage of total XP
 D = Non-vault monster count
 E = Vault monster count
 F = Vault count percentage of total count
                 A         B        C        D         E       F
            +---------+---------+-------+---------+---------+-------
      Total |   15146 |    4194 |  21.7 |     211 |      32 |  13.2
            +---------+---------+-------+---------+---------+-------
        D:1 |      36 |       0 |   0.0 |      22 |       0 |   0.0
        D:2 |      32 |      39 |  54.9 |       6 |       2 |  25.0
        D:3 |     115 |      36 |  23.8 |      17 |       1 |   5.6
        D:4 |     663 |     200 |  23.2 |      25 |      12 |  32.4
        D:5 |     665 |     312 |  31.9 |      15 |       2 |  11.8
        D:6 |     975 |     140 |  12.6 |      25 |       7 |  21.9
        D:7 |     804 |     178 |  18.1 |      31 |       2 |   6.1
        D:8 |     775 |     508 |  39.6 |      18 |       1 |   5.3
        D:9 |    1124 |       0 |   0.0 |      19 |       0 |   0.0
     Lair:1 |    2742 |    1502 |  35.4 |       8 |       1 |  11.1
     Lair:2 |    3331 |     483 |  12.7 |      12 |       3 |  20.0
     Lair:3 |    3884 |     796 |  17.0 |      13 |       1 |   7.1
            +---------+---------+-------+---------+---------+-------
